 Dungeon Crawl Stone Soup version 0.19-a0-1907-gcff654f (webtiles) character file.

979 Lochraine the Changer (level 8, -5/57 HPs)
             Began as an Octopode Transmuter on Oct 21, 2016.
             Slain by Joseph
             ... wielding a +0 quarterstaff
              (10 damage)
             ... on level 7 of the Dungeon.
             The game lasted 00:19:21 (5618 turns).

Lochraine the Changer (Octopode Transmuter)         Turns: 5618, Time: 00:19:21

Health: -5/57      AC:  6    Str: 13    XL:     8   Next: 17%
Magic:  7/13       EV: 17    Int: 16    God:
Gold:   341        SH:  0    Dex: 13    Spells: 6 memorised, 0 levels left

rFire  + + .     SeeInvis .       - Unarmed
rCold  + + +     Gourm    .     (shield currently unavailable)
rNeg   . . .     Faith    .     (helmet currently unavailable)
rPois  +         Spirit   .     (no amulet)
rElec  +         Reflect  .     e - ring of wizardry
rCorr  +         Harm     .     g - +3 ring of strength
MR     .....                    j - ring of protection from fire
Stlth  +.........               p - ring of fire
                                l - ring of protection from cold
                                y - +6 ring of evasion
                                (no ring)
                                (no ring)

@: ice-form, resistant, repel missiles
A: almost no armour, stealthy swim, amphibious, 8 rings, (constrict 8),
(camouflage 0), (gelatinous body 0)
a: End Transformation


You were on level 7 of the Dungeon.
You were hungry.
You were a creature of crystalline ice.
You visited 1 branch of the dungeon, and saw 7 of its levels.

You collected 341 gold pieces.

Inventory:

Missiles
 a - 86 arrows
 h - 4 exploding tomahawks (quivered)
Jewellery
 e - a ring of wizardry (left front paw)
 g - a +3 ring of strength (right front paw)
 j - a ring of protection from fire (on tentacle)
 l - a ring of protection from cold (on tentacle)
 p - a ring of fire (on tentacle)
 y - a +6 ring of evasion (on tentacle)
 D - an uncursed ring of ice
Wands
 E - a wand of polymorph (6/24)
 G - a wand of random effects (20/48)
 H - a wand of random effects (27/48)
 I - a wand of polymorph (5/24)
Scrolls
 d - 3 scrolls of identify
 k - a scroll of blinking
 n - a scroll of magic mapping {unknown}
 q - 6 scrolls of remove curse {unknown}
 t - 2 scrolls of teleportation {unknown}
 v - a scroll of recharging {unknown}
 x - 3 scrolls of amnesia {unknown}
 B - a scroll of enchant weapon {unknown}
 F - a scroll of summoning {unknown}
Potions
 f - a potion of curing
 i - a potion of lignification
 r - a potion of cure mutation
 s - a potion of might {unknown}
 w - a potion of heal wounds {unknown}
 A - 2 potions of agility {unknown}
Books
 b - a book of Changes

   Spells                             Type                      Level
   a - Beastly Appendage              Transmutation                1
   b - Sticks to Snakes               Transmutation                2
   c - Spider Form                    Transmutation/Poison         3
   d - Ice Form                       Ice/Transmutation            4
   e - Blade Hands                    Transmutation                5
 z - a book of Air

   Spells                             Type                      Level
   a - Shock                          Conjuration/Air              1
   b - Swiftness                      Charms/Air                   2
   c - Repel Missiles                 Charms/Air                   2
   d - Static Discharge               Conjuration/Air              3
   e - Lightning Bolt                 Conjuration/Air              5
Comestibles
 c - 5 bread rations
 m - 2 royal jellies
 u - 2 meat rations
 C - 11 chunks of flesh


   Skills:
 - Level 1.0 Fighting
 + Level 3.5 Dodging
 + Level 4.0 Unarmed Combat
 + Level 3.5 Spellcasting
 - Level 5.6 Transmutations
 - Level 5.0 Ice Magic


You couldn't memorise any spells.
You knew the following spells:

 Your Spells              Type           Power        Failure   Level  Hunger
a - Beastly Appendage     Tmut           ###...       1%          1    None
b - Sticks to Snakes      Tmut           ###.....     1%          2    ##.....
c - Spider Form           Tmut/Pois      ##........   7%          3    ###....
d - Ice Form              Ice/Tmut       ###.....     9%          4    ####...
e - Swiftness             Chrm/Air       #.......     12%         2    ##.....
f - Repel Missiles        Chrm/Air       #.....       12%         2    ##.....


Dungeon Overview and Level Annotations

Branches:
Dungeon (7/15)
 Temple: D:4-7

Altars:
Dithmenos
Fedhas
Sif Muna

Annotations:
D:7 Joseph


Innate Abilities, Weirdness & Mutations

You cannot wear most types of armour.
You are very stealthy in the water. (Stealth+)
You are amphibious.
You can wear up to eight rings at the same time.
((You can use your tentacles to constrict eight enemies at once.))
((Your skin changes colour to match your surroundings (Stealth+).))
((Your rubbery body absorbs attacks. (AC +1, EV +1)))


Message History

You create a snake!
You now have 86 arrows.
Joseph misses you.
You completely miss Joseph.
Joseph is moderately wounded.
Joseph hits you with an uncursed quarterstaff.
You hit Joseph but do no damage.
Joseph is moderately wounded.
Joseph says, "I'm here to kill trespassers.
I like my job."
Joseph hits you with an uncursed quarterstaff!
* * * LOW HITPOINT WARNING * * *
You are too injured to fight recklessly!
You feel better.
Your adder bites Joseph but does no damage.
You punch Joseph! You freeze Joseph.
Joseph is heavily wounded.
Joseph zaps a wand.
The bolt of lightning hits you!
* * * LOW HITPOINT WARNING * * *
Your adder closely misses Joseph.
You feel protected.
Joseph hits you with an uncursed quarterstaff!
You die...

#.....+......................
#####.....#......................
...##....##...........#######'###
...##....###'##.(.....#...#....'.
.........#....'.....(.#...#....#.
.........'....#.......#...#....#.
##'####..######..(....##.#######'
##.####..# ###'#.(...#.###.....
'.......... #.SY#.....#...#.....
#........... +..@#.....#...#.....
#............#...#.....#...'.....
###..##...####+###.....#####.....
###..#########.#...............##
...............#...............#
...............#...............#
...............#...............##
...............#.....##########<.


You could see Joseph and a friendly adder.

Vanquished Creatures
  A black bear (D:7)
  An ogre (D:5)
  A phantom (D:4)
  A centaur (D:7)
  A crimson imp (D:5)
  A bullfrog zombie (D:5)
  2 hounds (D:5)
  2 orc wizards (D:6)
  Jessica (D:2)
  An iguana (D:5)
  Natasha (twice) (D:3)
  2 worker ants
  A hound zombie (D:5)
  A gnoll (D:2)
  11 adders
  A shadow imp (D:5)
  A dart slug (D:1)
  5 leopard geckos
  9 orcs
  2 ball pythons
  8 bats
  2 giant cockroaches
  4 goblins
  6 hobgoblins
  14 jackals
  3 quokkas
  3 frilled lizards
  A jackal skeleton (D:5)
  6 kobolds
  A quokka zombie (D:5)
  8 rats
103 creatures vanquished.

Vanquished Creatures (collateral kills)
  An ogre (D:5)
  An adder (D:4)
  A leopard gecko (D:5)
  An orc (D:6)
4 creatures vanquished.

Grand Total: 107 creatures vanquished

Notes
Turn   | Place    | Note
-------+----------+-------------------------------------------
     0 | D:1      | Lochraine the Octopode Transmuter began the quest for the Orb.
     0 | D:1      | Reached XP level 1. HP: 13/13 MP: 3/3
   433 | D:1      | Reached XP level 2. HP: 11/18 MP: 5/5
   446 | D:1      | Learned a level 2 spell: Sticks to Snakes
  1253 | D:2      | Reached XP level 3. HP: 17/23 MP: 1/6
  1389 | D:2      | Found a blossoming altar of Fedhas.
  1506 | D:2      | Noticed Jessica
  1516 | D:2      | Killed Jessica
  1516 | D:2      | Reached XP level 4. HP: 28/28 MP: 5/7
  1522 | D:2      | Learned a level 3 spell: Spider Form
  2268 | D:3      | Noticed Natasha
  2294 | D:3      | Killed Natasha
  2294 | D:3      | Reached XP level 5. HP: 16/33 MP: 3/9
  2815 | D:3      | Noticed Natasha
  3002 | D:3      | Killed Natasha
  3015 | D:3      | Learned a level 4 spell: Ice Form
  3277 | D:4      | Noticed a phantom
  3305 | D:4      | Killed a phantom
  3305 | D:4      | Reached XP level 6. HP: 24/38 MP: 1/10
  3916 | D:5      | Entered Level 5 of the Dungeon
  4222 | D:5      | Reached XP level 7. HP: 19/43 MP: 5/11
  4593 | D:5      | Reached skill level 5 in Transmutations
  5169 | D:6      | Learned a level 2 spell: Swiftness
  5192 | D:6      | Found a shadowy altar of Dithmenos.
  5288 | D:6      | Reached skill level 5 in Ice Magic
  5298 | D:6      | Found a deep blue altar of Sif Muna.
  5396 | D:7      | Reached XP level 8. HP: 48/48 MP: 7/12
  5596 | D:7      | Noticed Joseph
  5601 | D:7      | Learned a level 2 spell: Repel Missiles
  5618 | D:7      | Slain by Joseph

Vault maps used:
D:1:      dpeg_arrival_three_bigger_balls
D:2:      lemuel_crystal_altar, first_bread, uniq_jessica
D:3:      grunt_decor_cap, uniq_natasha
D:6:      lemuel_upstairs_altar, nicolae_overflow_hidden_temple,
          nicolae_dithmenos_shadow_blocks
D:7:      uniq_joseph

Skill      XL: |  1  2  3  4  5  6  7 |
---------------+----------------------+-----
Transmutations | 3 4 5 |  5.6
Unarmed Combat | 4 |  4.0
Spellcasting   | 3 |  3.5
Ice Magic      | 2 3 5 |  5.0
Dodging        | 3 |  3.5
Fighting       | |  1.0

Action                   |  1- 3 |  4- 6 |  7- 9 || total
-------------------------+-------+-------+-------++-------
Melee: Unarmed           |    59 |   165 |    71 ||   295
       Constrict         |    20 |    27 |    11 ||    58
       Kick              |    10 |    23 |     5 ||    38
       Tentacles         |    11 |    17 |    11 ||    39
       Punch             |     1 |     5 |     3 ||     9
 Cast: Beastly Appendage |     9 |    13 |     4 ||    26
       Sticks to Snakes  |     2 |    11 |     4 ||    17
       Spider Form       |       |     7 |     1 ||     8
       Ice Form          |       |       |     7 ||     7
       Repel Missiles    |       |       |     1 ||     1
       Swiftness         |       |       |     1 ||     1
  Use: Scroll            |     1 |     4 |       ||     5
       Potion            |       |     3 |     2 ||     5
 Stab: Sleeping          |     3 |     2 |     1 ||     6
       Distracted        |     1 |       |       ||     1
  Eat: Chunk             |     2 |    10 |     6 ||    18
Armor: Skin              |     6 |    21 |     4 ||    31
Dodge: Dodged            |    33 |   135 |    44 ||   212
